 Dungeon Crawl Stone Soup version 0.27.1-3-gb3d3a73c9e (webtiles) character file.

Game seed: 4195294100411203008

3491 Urokeeper the Slicer (level 10, -2/79 (85) HPs)
             Began as a Human Brigand on Oct 6, 2021.
             Was an Initiate of Dithmenos.
             Splashed by an acid dragon's acid (6 damage)
             ... on level 7 of the Dungeon on Oct 7, 2021.
             The game lasted 00:35:19 (8677 turns).

Urokeeper the Slicer (Human Brigand)                Turns: 8677, Time: 00:35:19

HP:   -2/79 (85)    AC:  0    Str: 19    XL:     10   Next: 28%
MP:   10/10         EV: 11    Int: 13    God:    Dithmenos [......]
Gold: 328           SH:  0    Dex: 15    Spells: 9/9 levels left

rFire    . . .     SeeInvis .   g - +3 rapier (speed)
rCold    . . .     Faith    .   (no shield)
rNeg     . . .     Spirit   .   k - +0 leather armour
rPois    +         Reflect  .   (no helmet)
rElec    .         Harm     .   c - +0 cloak
rCorr    .         Rampage  .   (no gloves)
Will     .....                  s - +0 pair of boots
Stlth    ++........             (no amulet)
HPRegen  0.23/turn              D - +6 ring of strength
MPRegen  0.12/turn              (no ring)

@: corroded, drained
A: iridescent scales 1, poison resistance
a: Renounce Religion


You were on level 7 of the Dungeon.
You worshipped Dithmenos.
Dithmenos was noncommittal.
You visited 2 branches of the dungeon, and saw 9 of its levels.
You also visited: Ossuary.

You collected 328 gold pieces.

Inventory:

Hand Weapons
 a - a +2 dagger
 g - a +3 rapier of speed (weapon)
 h - a +2 dagger of pain
 m - a +4 short sword
Missiles
 d - 15 poisoned darts (quivered)
 e - 8 boomerangs
 v - 2 javelins
Armour
 c - a +0 cloak (worn)
 f - a +0 ring mail
 k - a +0 leather armour (worn)
 s - a +0 pair of boots (worn)
 z - a +0 robe of positive energy
Jewellery
 D - a +6 ring of strength (left hand)
Wands
 y - a wand of mindburst (13)
Scrolls
 b - a scroll of identify
 j - a scroll of brand weapon
 l - 2 scrolls of teleportation
 o - 2 scrolls of noise
 p - a scroll of amnesia
 u - a scroll of vulnerability
 w - a scroll of enchant armour {unknown}
 C - a scroll of fear {unknown}
 F - a scroll of immolation {unknown}
Potions
 i - a potion of lignification
 n - a potion of brilliance
 r - a potion of attraction
 t - 4 potions of curing
 x - a potion of magic
 A - a potion of resistance {unknown}
 B - a potion of haste {unknown}
 E - a potion of invisibility {unknown}


   Skills:
 - Level 10.0 Fighting
 - Level 10.0 Short Blades
 - Level 2.0 Throwing
 * Level 1.7 Armour
 - Level 1.0 Dodging
 - Level 4.0 Stealth


You had 9 spell levels left.
You didn't know any spells.
Your spell library contained the following spells:

 Spells                   Type           Power      Damage    Failure   Level
 Magic Dart               Conj           0%         1d3       36%         1
 Searing Ray              Conj           0%         3d3       50%         2
 Ignite Poison            Fire/Tmut/Pois 0%         N/A       73%         3
 Mephitic Cloud           Conj/Pois/Air  0%         N/A       73%         3
 Stone Arrow              Conj/Erth      0%         3d7       73%         3
 Animate Armour           Summ/Erth      0%         N/A       98%         4
 Fulminant Prism          Conj/Hex       0%         3d6       98%         4
 Bolt of Magma            Conj/Fire/Erth 0%         4d4       100%        5
 Lehudib's Crystal Spear  Conj/Erth      0%         10d2      100%        8


Dungeon Overview and Level Annotations

Branches:
Dungeon (8/15)             Temple (1/1) D:6         Ossuary (visited)
   Lair: D:8-11

Altars:
Cheibriados
Dithmenos
Elyvilon
Makhleb
Okawaru
Qazlal
Vehumet
Wu Jian
Zin
The Shining One

Shops:
D:8 !=


Innate Abilities, Weirdness & Mutations

You are partially covered in iridescent scales. (AC +2)
Your system is resistant to poisons. (rPois)


Message History

Your Armour skill increases to level 1!
Found a scale mail.
The wight hits you with a +0 halberd!
You hit the wight.
The wight is moderately damaged.
You hit the wight.
The wight is heavily damaged.
The wight misses you.
You barely miss the wight.
The wight is heavily damaged.
You hit the wight.
The wight is severely damaged.
The wight barely misses you.
You hit the wight.
You destroy the wight!
Dithmenos accepts your kill.
Things that are here:
a +0 halberd; a +0 robe
There is an escape hatch in the floor here.
Things that are here:
a +0 robe of positive energy; a +0 halberd
z - a +0 robe of positive energy You start resting.
HP restored.
There is an open door here.
The acid dragon roars!
The acid dragon spits acid at you. The splash of acid hits you.
The acid corrodes you!
You are splashed with acid!
As you read the scroll of fog, it crumbles to dust.
The scroll dissolves into smoke.
The acid dragon spits acid at you. The splash of acid hits you!
You are splashed with acid!
The acid dragon spits acid at you. The splash of acid hits you!
You are splashed with acid!
* * * LOW HITPOINT WARNING * * *
There is a stone staircase leading down, spattered with blood here.
The acid dragon spits acid at you. The splash of acid hits you!
* * * LOW HITPOINT WARNING * * *
The acid corrodes you!
You are splashed with acid.
You die...

......#.#......#
#..§§§§........
.####.#.#......#
#.§§§§###..#.#.
.#.##.#.#....).# #.§§§§# #..#
#
.#....#.#......####..§§§###.##
.#.####.....#'###...§§§§##..#
..............# #...§§§§##.##
###########'#####.D.§...#..#
........).>.....)....####.##
##......##......@....# #..#
#......##...........###.##
#......##.......##'###..#
#......##.......##.....##
#...............'..#..##
#...............####[.#
#...............####.##
####.............##..#
#.....#######..#.##


You could see an acid dragon (catching breath).

Vanquished Creatures
  A boulder beetle (D:7)
  Sigmund (D:2)
  2 wraiths (Ossuary)
  2 water moccasins
  A necrophage (D:5)
  2 orc warriors
  3 ogres
  4 sky beasts
  A centaur (D:6)
  2 phantoms
  A bullfrog (D:7)
  2 gnoll sergeants
  6 wights
  2 bullfrog zombies
  A centaur zombie (D:6)
  2 hounds
  2 orc priests
  2 iguanas
  A scorpion zombie (D:5)
  2 hound skeletons (D:4)
  4 adders
  7 gnolls
  2 white imps
  2 adder zombies (Ossuary)
  A worm (D:2)
  11 orcs
  16 ball pythons
  3 bats
  10 endoplasms
  2 giant cockroaches
  12 goblins
  9 hobgoblins
  3 jackals (D:3)
  3 quokkas
  A ball python skeleton (Ossuary)
  3 frilled lizards
  A hobgoblin skeleton (Ossuary)
  4 kobolds
  2 kobold zombies (Ossuary)
  2 orc zombies (Ossuary)
  7 rats
145 creatures vanquished.

Notes
Turn   | Place    | Note
-------+----------+-------------------------------------------
     0 | D:1      | Urokeeper the Human Brigand began the quest for the Orb.
     0 | D:1      | Reached XP level 1. HP: 16/16 MP: 1/1
    84 | D:1      | Reached XP level 2. HP: 6/22 MP: 2/2
   639 | D:1      | Reached XP level 3. HP: 27/27 MP: 3/3
  1193 | D:2      | HP: 1/27 [hobgoblin (2)]
  1512 | D:2      | Reached XP level 4. HP: 29/33 MP: 4/4
  2043 | D:2      | Noticed Sigmund
  2054 | D:2      | Killed Sigmund
  2055 | D:2      | Reached XP level 5. HP: 27/38 MP: 5/5
  2055 | D:2      | Reached XP level 6. HP: 32/44 MP: 6/6
  2422 | D:3      | Noticed a sky beast
  2441 | D:3      | Killed a sky beast
  3254 | D:3      | Identified a scroll of acquirement
  3257 | D:3      | Acquired a +3 rapier of speed
  3262 | D:4      | Noticed a water moccasin
  3266 | D:4      | Killed a water moccasin
  3267 | D:4      | Reached XP level 7. HP: 50/50 MP: 7/7
  3585 | D:4      | Found a glowing golden altar of the Shining One.
  4066 | D:4      | Reached XP level 8. HP: 56/56 MP: 8/8
  4793 | D:4      | Gained mutation: You are clumsy. (Dex -2) [potion of
                  | mutation]
  4793 | D:4      | Gained mutation: You are frail. (-10% HP) [potion of
                  | mutation]
  4793 | D:4      | Gained mutation: Your body sometimes deteriorates upon
                  | taking damage. [potion of mutation]
  4794 | D:4      | Lost mutation: You are clumsy. (Dex -2) [potion of
                  | mutation]
  4794 | D:4      | Lost mutation: You are frail. (-10% HP) [potion of
                  | mutation]
  4794 | D:4      | Gained mutation: You passively map a small area around you.
                  | [potion of mutation]
  4794 | D:4      | Gained mutation: You do not regenerate when monsters are
                  | visible. [potion of mutation]
  4794 | D:4      | Lost mutation: You passively map a small area around you.
                  | [potion of mutation]
  4795 | D:4      | Lost mutation: Your body sometimes deteriorates upon taking
                  | damage. [potion of mutation]
  4795 | D:4      | Lost mutation: You do not regenerate when monsters are
                  | visible. [potion of mutation]
  4795 | D:4      | Gained mutation: You are partially covered in iridescent
                  | scales. (AC +2) [potion of mutation]
  4795 | D:4      | Gained mutation: Your system is resistant to poisons.
                  | (rPois) [potion of mutation]
  4829 | D:5      | Entered Level 5 of the Dungeon
  5190 | D:5      | Found a glowing silver altar of Zin.
  5369 | D:5      | Reached skill level 10 in Short Blades
  5479 | D:5      | You fall into a shaft and drop 1 floor!
  5528 | D:5      | Found a sand-covered staircase.
  5535 | Ossuary  | Entered an ossuary
  5623 | Ossuary  | Noticed a wraith
  5623 | Ossuary  | Noticed a flying skull
  5634 | Ossuary  | Noticed a flying skull
  5636 | Ossuary  | Noticed a flying skull
  5636 | Ossuary  | Noticed a flying skull
  5657 | Ossuary  | Noticed a flying skull
  5664 | Ossuary  | Noticed a wraith
  5666 | Ossuary  | Killed a wraith
  5696 | Ossuary  | Reached XP level 9. HP: 50/64 MP: 9/9
  5795 | Ossuary  | Reached skill level 5 in Fighting
  6820 | D:6      | Found a white marble altar of Elyvilon.
  6996 | D:6      | Found a staircase to the Ecumenical Temple.
  7009 | Temple   | Entered the Ecumenical Temple
  7018 | Temple   | Became a worshipper of Dithmenos the Shadowed
  7524 | D:7      | Noticed a boulder beetle
  7794 | D:8      | Noticed a two-headed ogre
  7794 | D:8      | Found Ejoysu's Distillery.
  7800 | D:8      | Found Wygaakko's Jewellery Shoppe.
  7923 | D:7      | Killed a boulder beetle
  7924 | D:7      | Reached XP level 10. HP: 11/85 MP: 10/10
  8317 | D:7      | Reached skill level 10 in Fighting
  8472 | D:7      | Reached skill level 1 in Armour
  8677 | D:7      | Splashed by an acid dragon's acid

Illustrated notes

Levels and vault maps discovered:
D:1:      amcnicky_arrival_underground_garden, layout_basic
D:2:      layout_basic, st_stairs_13, uniq_sigmund
D:3:      layout_basic, minmay_bisected
D:4:      layout_layer_cave, tso_metal_star
D:5:      layout_basic, mainiacjoe_overflow_chevrons,
          nicolae_ossuary_entry_monument
D:6:      layout_basic, elyvilon_altar_4, minmay_temple_entry_glass,
          grunt_decor_junction, kennysheep_pointless_box
D:7:      minmay_the_grid_triangle_9x9_recursive_2
          [minmay_the_grid_triangle_9x9_prize_schism,
          minmay_the_grid_triangle_9x9_descending_squares,
          minmay_the_grid_triangle_9x9_minimal,
          minmay_the_grid_triangle_9x9_fully_insulated_deathbox], layout_basic,
          kennysheep_little_box, kennysheep_vampire_church, enter_bailey_3
D:8:      layout_rooms, serial_shops, shop, nicolae_square_shop,
          nicolae_shop_temple_entry_statues_fountains, kennysheep_mini_moat,
          nicolae_shop_statue_plus
Temple:   cyrus_circular_temple

Skill      XL: |  1  2  3  4  5  6  7  8  9 10 |
---------------+-------------------------------+-----
Short Blades   | 3 4 6 7 8 10 | 10.0
Fighting       | 3 9 10 | 10.0
Armour         | 1 |  1.7
Throwing       | |  2.0
Dodging        | |  1.0
Stealth        | |  4.0

Action                   |  1- 3 |  4- 6 |  7- 9 | 10-12 || total
-------------------------+-------+-------+-------+-------++-------
Melee: Dagger            |    90 |     9 |       |       ||    99
       Short sword       |       |    63 |       |       ||    63
       Rapier            |       |     1 |   323 |    31 ||   355
Throw: Dart              |     2 |     4 |     9 |       ||    15
       Javelin           |       |       |     1 |       ||     1
  Use: Scroll            |       |     4 |     9 |     1 ||    14
       Potion            |       |     1 |     8 |       ||     9
 Stab: Sleeping          |     5 |    11 |    14 |       ||    30
Armor: Robe              |    13 |       |       |       ||    13
       Leather armour    |     6 |    14 |    47 |     2 ||    69
Dodge: Dodged            |    44 |    28 |    88 |    16 ||   176
